 Dungeon Crawl Stone Soup version 0.23.2-1-ga50397a (webtiles) character file.

Game seed: 10404498518859580361

284 Fang the Skirmisher (level 6, -2/58 HPs)
             Began as a Gargoyle Berserker on Apr 25, 2019.
             Was a Believer of Trog.
             Slain by Sigmund
             ... wielding a +0 scythe
              (10 damage)
             ... on level 4 of the Dungeon.
             The game lasted 00:03:15 (3940 turns).

Fang the Skirmisher (Gargoyle Berserker)            Turns: 3940, Time: 00:03:15

Health: -2/58      AC:  6    Str: 28    XL:     6   Next: 29%
Magic:  6/6        EV: 12    Int:  7    God:    Trog [**....]
Gold:   159        SH:  0    Dex:  9    Spells: 5/5 levels left

rFire    . . .     SeeInvis .   a - +0 hand axe
rCold    . . .     Gourm    +   (no shield)
rNeg     + . .     Faith    .   b - +0 animal skin
rPois    ∞         Spirit   .   (no helmet)
rElec    +         Reflect  .   (no cloak)
rCorr    .         Harm     .   (no gloves)
MR       ++...                  (no boots)
Stlth    ..........             h - amulet of the gourmand
HPRegen  1.19/turn              (no ring)
MPRegen  0.10/turn              (no ring)

@: berserking, regenerating, very quick
A: negative energy resistance 1, electricity resistance, unbreathing,
petrification resistance, rot immunity, AC +4
a: Berserk, Trog's Hand, Renounce Religion


You were on level 4 of the Dungeon.
You worshipped Trog.
Trog was pleased with you.
You were very full.

You visited 1 branch of the dungeon, and saw 4 of its levels.

You collected 159 gold pieces.

Inventory:

Hand Weapons
 a - a +0 hand axe (weapon)
Armour
 b - a +0 animal skin (worn)
 v - the +6 scale mail of Katenozo {rElec rF- MP+9 Int+3}
   (You took it off an orc on level 3 of the Dungeon)

   It affects your intelligence (+3).
   It makes you vulnerable to fire.
   It insulates you from electricity.
   It affects your magic capacity (+9).
Jewellery
 h - an amulet of the gourmand (around neck)
Wands
 t - a wand of random effects (14)
Scrolls
 e - 2 scrolls of fog {unknown}
 f - 2 scrolls of remove curse {unknown}
 i - a scroll of immolation {unknown}
 j - a scroll of enchant weapon {unknown}
 k - 3 scrolls of teleportation {unknown}
 n - a scroll of enchant armour {unknown}
 o - a scroll of fear {unknown}
 p - a scroll of blinking {unknown}
 s - 2 scrolls of identify {unknown}
 u - a scroll of amnesia {unknown}
Potions
 d - 2 potions of curing {unknown}
 g - a potion of brilliance {unknown}
 l - a potion of agility {unknown}
 m - a potion of magic {unknown}
 q - 2 potions of heal wounds {unknown}
Comestibles
 c - 14 rations
 r - 7 chunks of flesh


   Skills:
 + Level 4.6 Fighting
 + Level 3.8 Axes
 + Level 3.9 Armour
 + Level 3.0 Dodging


You had 5 spell levels left.
You didn't know any spells.
Your spell library was empty.

Dungeon Overview and Level Annotations

Branches:
Dungeon (4/15)
 Temple: D:4-7

Altars:
Ashenzari
Cheibriados
Nemelex Xobeh
Sif Muna
Trog
Vehumet
Zin
Beogh

Annotations:
D:4 Sigmund


Innate Abilities, Weirdness & Mutations

You are resistant to torment.
Your stone body is resilient. (AC +4)
You are immune to poison.
You resist negative energy. (rN+)
You are resistant to electric shocks. (rElec)
You can survive without breathing.
You are immune to petrification.
You are immune to rotting.


Message History

You hit something. You miss something. Something hits you.
* * * LOW HITPOINT WARNING * * *
You hit something. Something hits you.
* * * LOW HITPOINT WARNING * * *
You miss something. Something hits you.
* * * LOW HITPOINT WARNING * * *
Your skin crawls.
You feel resistant to hostile enchantments.
A red film seems to cover your vision as you go berserk!
You feel yourself moving faster!
You feel mighty!
You feel a lot less full. Something hits you but does no damage.
You barely miss something. You closely miss something.
You hear some strange, mumbled words.
A puff of flame appears from out of thin air!
The puff of flame hits you.
* * * LOW HITPOINT WARNING * * *
You closely miss something. Something hits you!
You die...

#.# #.#
#.# #.#
#.# #.#
#{# #@# .
#.# ..#.#
####+#.#.#
#......#.#
#......#.#
#........#
#........#
#........#


There were no monsters in sight!

Vanquished Creatures
  The ghost of murkyfrogboy the Skirmisher, an amateur MiFi (D:3)
  An orc priest (D:3)
  Ijyb (D:3)
  6 adders
  2 gnolls (D:1)
  A leopard gecko (D:3)
  10 orcs (D:3)
  A ball python (D:3)
  A giant cockroach (D:3)
  6 goblins
  7 hobgoblins
  A quokka (D:4)
  6 bats
  2 frilled lizards
  8 kobolds
  8 rats
62 creatures vanquished.

Notes
Turn   | Place    | Note
-------+----------+-------------------------------------------
     0 | D:1      | Fang the Gargoyle Berserker began the quest for the Orb.
     0 | D:1      | Reached XP level 1. HP: 14/14 MP: 1/1
    94 | D:1      | Reached XP level 2. HP: 7/19 MP: 2/2
   522 | D:1      | Reached XP level 3. HP: 9/23 MP: 3/3
  1786 | D:2      | Found a glowing silver altar of Zin.
  1787 | D:2      | Found a sparkling altar of Nemelex Xobeh.
  1884 | D:2      | Found a radiant altar of Vehumet.
  2072 | D:2      | Found a shattered altar of Ashenzari.
  2418 | D:2      | Found a snail-covered altar of Cheibriados.
  2431 | D:2      | Found a deep blue altar of Sif Muna.
  2436 | D:2      | Found a bloodstained altar of Trog.
  2636 | D:3      | Reached XP level 4. HP: 24/29 MP: 4/4
  2858 | D:3      | Reached skill level 4 in Fighting
  2977 | D:3      | Reached XP level 5. HP: 33/33 MP: 5/5
  2977 | D:3      | Reached ** piety under Trog
  3007 | D:3      | Noticed Ijyb
  3025 | D:3      | Killed Ijyb
  3505 | D:3      | Found a runed translucent gate.
  3505 | D:3      | Found a runed translucent gate.
  3505 | D:3      | Noticed murkyfrogboy's ghost (amateur MiFi)
  3506 | D:3      | Found a runed translucent gate.
  3508 | D:3      | Identified the +6 scale mail of Katenozo {rElec rF- MP+9
                  | Int+3}
  3512 | D:3      | Found a roughly hewn altar of Beogh.
  3753 | D:3      | Killed murkyfrogboy's ghost
  3753 | D:3      | Reached XP level 6. HP: 39/39 MP: 6/6
  3919 | D:4      | Noticed Sigmund
  3940 | D:4      | Slain by Sigmund

Skill      XL: |  1  2  3  4  5  6 |
---------------+-------------------+-----
Axes           | 3 |  3.8
Dodging        | 2 3 |  3.0
Armour         | 3 |  3.9
Fighting       | 4 |  4.6

Action                   |  1- 3 |  4- 6 || total
-------------------------+-------+-------++-------
Melee: Hand axe          |    88 |   143 ||   231
Invok: Berserk           |     2 |     2 ||     4
       Trog's Hand       |       |     2 ||     2
 Stab: Sleeping          |       |     2 ||     2
  Eat: Chunk             |    10 |    13 ||    23
Armor: Animal skin       |    32 |    57 ||    89
Dodge: Dodged            |    54 |    72 ||   126
